 Dungeon Crawl Stone Soup version 0.26-a0-438-g4b1dca4f87 (webtiles) character file.

Game seed: 13282251934558731740

27 Morbidden the Ruffian (level 2, 0/22 HPs)
             Began as a Palentonga Transmuter on July 26, 2020.
             Slain by a centaur (5 damage)
             ... on level 2 of the Dungeon.
             The game lasted 00:02:06 (1081 turns).

Morbidden the Ruffian (Palentonga Transmuter)       Turns: 1081, Time: 00:02:07

Health: 0/22       AC:  8    Str: 13    XL:     2   Next: 93%
Magic:  4/5        EV: 10    Int: 13    God:
Gold:   69         SH:  0    Dex: 10    Spells: 4/5 levels left

rFire    . . .     SeeInvis +     - Unarmed
rCold    . . .     Faith    .   (shield currently unavailable)
rNeg     . . .     Spirit   .   a - +0 robe
rPois    .         Reflect  .   (helmet currently unavailable)
rElec    .         Harm     .   (cloak currently unavailable)
rCorr    .                      (gloves currently unavailable)
MR       .....                  (boots currently unavailable)
Stlth    +.........             e - amulet of the acrobat
HPRegen  0.07/turn              d - +4 ring of protection
MPRegen  0.09/turn              (no ring)

@: appendages
A: large, horns 2, talons 2, rugged brown scales 3, see invisible, deformed
body, roll, armoured tail
a: Rolling Charge, End Transformation


You were on level 2 of the Dungeon.
You had grown temporary horns.
You had grown temporary talons.
You visited 1 branch of the dungeon, and saw 2 of its levels.

You collected 69 gold pieces.

Inventory:

Armour
 a - a +0 robe (worn)
Jewellery
 d - a +4 ring of protection (left hand)
 e - an amulet of the acrobat (around neck)
Scrolls
 b - a scroll of remove curse
 g - 2 scrolls of identify {unknown}
Potions
 c - a potion of mutation {unknown}
 f - 2 potions of curing {unknown}


   Skills:
 * Level 1.4 Fighting
 + Level 1.7 Dodging
 + Level 3.4 Unarmed Combat
 + Level 2.1 Spellcasting
 * Level 2.3 Transmutations


You had 4 spell levels left.
You knew the following spells:

 Your Spells              Type           Power        Failure   Level
a - Beastly Appendage     Tmut           #.....       10%         1

Your spell library contained the following spells:

 Spells                   Type           Power        Failure   Level
 Wereblood                Tmut           #.......     14%         2
 Spider Form              Tmut/Pois      #.........   43%         3
 Ice Form                 Ice/Tmut       #.......     83%         4
 Blade Hands              Tmut           #.........   95%         5


Dungeon Overview and Level Annotations

Branches:
Dungeon (2/15)

Altars:


Innate Abilities, Weirdness & Mutations

You are completely covered in rugged brown scales. (AC +3, +7% HP)
You have supernaturally acute eyesight. (SInv)
Armour fits poorly on your strangely shaped body.
You can roll at foes to attack.
You have a long armoured tail.
You have a pair of horns on your head.
You have razor-sharp toenails.


Message History

You hit the centaur.
Your tail-slap misses the centaur.
The centaur is severely wounded.
The centaur barely misses you. The orc hits you but does no damage.
The centaur hits you but does no damage.
Unknown command.
You barely miss the centaur. Your headbutt misses the centaur.
The centaur is severely wounded.
The centaur hits you. The orc barely misses you.
Unknown command.
You hit the centaur.
The centaur is almost dead.
The centaur closely misses you.
An orc comes into view. It is wielding a +0 hand axe.
The orc closely misses you. The centaur hits you.
* * * LOW HITPOINT WARNING * * *
Unknown command.
The orc shouts!
You hear an angry hiss.
You hear a shout!
You hear an angry hiss.
The centaur hits you.
You die...

## #####. .....
.... #.o .
.#.##.o####....
.......@coo....
.#.##..####.#.#
..... #.##.. #
#.. #.. #.. #..


You could see a centaur and 4 orcs.

Vanquished Creatures
  A dart slug (D:1)
  A leopard gecko (D:1)
  4 bats (D:1)
  2 goblins (D:1)
  4 hobgoblins (D:1)
  4 jackals (D:1)
  2 kobolds (D:1)
  A frilled lizard (D:1)
  2 rats (D:1)
21 creatures vanquished.

Notes
Turn   | Place    | Note
-------+----------+-------------------------------------------
     0 | D:1      | Morbidden the Palentonga Transmuter began the quest for the
                  | Orb.
     0 | D:1      | Reached XP level 1. HP: 16/16 MP: 3/3
   206 | D:1      | Reached XP level 2. HP: 19/22 MP: 5/5
  1070 | D:2      | Noticed a centaur
  1081 | D:2      | Slain by a centaur

Illustrated notes

Levels and vault maps discovered:
D:1:      nicolae_arrival_washed_ashore, layout_basic
D:2:      layout_basic, marbit_many_paths

Action                   || total
-------------------------++-------
Melee: Unarmed           ||    64
       Kick              ||     9
       Tailslap          ||     3
       Punch             ||     1
       Headbutt          ||     6
 Cast: Beastly Appendage ||    11
 Abil: Rolling Charge    ||     3
  Use: Scroll            ||     1
Armor: Robe              ||    40
Dodge: Dodged            ||    64

Table legend: (Time is in decaauts)
 A = Elapsed time spent in this place.
 B = Non-inter-level travel time spent in this place.
 C = Inter-level travel time spent in this place.
 D = Time resting spent in this place.
 E = Time spent auto-exploring this place.
 F = Levels seen in this place.
 G = Mean time per level.
                   A        B        C        D        E       F      G
               +--------+--------+--------+--------+--------+-----+--------+
         Total |   1076 |   1068 |      8 |      2 |    873 |   2 |  538.0 |
       Dungeon |   1076 |   1068 |      8 |      2 |    873 |   2 |  538.0 |
               +--------+--------+--------+--------+--------+-----+--------+

Top non-repeatable levels by time:
     D:1: 1066 daAuts
     D:2: 10 daAuts
